AoeStats
← DschingisCrack

Fortress

510201622Analyzed
4v4 RM · 2d ago on Sep 29, 2026· 49m 36s· 8 players
Game mode
Random Map
Map size
Huge
Population
200
Speed
Normal
Resources
Standard
Victory
Conquest
Starting age
Dark Age
Ending age
Imperial Age
RankedLock teamsTeams togetherTeam positionsShared explorationLock speedFull tech treeHidden civsTurbo modeCheats
Victory
Defeat
🇨🇦 Britons · Canada
1497
+9
🇺🇸 Spanish · United States
1405
+12
🇺🇸 Chinese · United States
1310
+16
🇺🇸 Varangians · United States
881
+95
🇲🇽 Saracens · Mexico
1306
-17
🇩🇪 Khmer · Germany
1305
-17
🇺🇸 Hindustanis · United States
1305
-17
🇺🇸 Sicilians · United States
1286
-16
LYR92426
7:52 Feudal Age
8:58 Double-Bit Axe
12:04 Castle Age
9:53 Horse Collar
13:29 Bow Saw
14:35 Wheelbarrow
17:33 Loom
18:36 Hand Cart
18:46 Heavy Plow
20:00 Stone Mining
20:04 Gold Mining
20:14 Town Watch
24:54 Gold Shaft Mining
27:06 Imperial Age
25:05 Scale Barding Armor
25:11 Forging
25:38 Husbandry
25:49 Bloodlines
26:29 Chain Barding Armor
27:36 Stone Shaft Mining
27:36 Ballistics
28:18 Hauberk
28:44 Conscription
29:01 Plate Barding Armor
29:37 Iron Casting
30:05 Chemistry
28:30 Capped Ram
29:03 Cavalier
31:58 Blast Furnace
30:48 Fletching
31:12 Masonry
30:32 Light Cavalry
32:16 Pikeman
32:42 Gambesons
32:58 Squires
32:43 Arson
32:24 Siege Ram
33:30 Halberdier
34:11 Squires
33:59 Arson
34:19 Scale Mail Armor
38:17 Siege Engineers
40:41 Caravan
BlueIce
7:19 Feudal Age
11:12 Castle Age
10:02 Double-Bit Axe
10:24 Horse Collar
12:12 Bow Saw
17:55 Stone Mining
20:33 Wheelbarrow
20:07 Heavy Plow
20:41 Loom
20:50 Gold Mining
24:52 Imperial Age
22:59 Scale Mail Armor
23:09 Forging
23:58 Chain Mail Armor
24:14 Grand Trunk Road
25:40 Hand Cart
25:48 Hand Cart
25:20 Town Watch
26:27 Iron Casting
25:58 Squires
25:44 Arson
26:14 Elite Ghulam
28:40 Conscription
29:23 Blast Furnace
31:07 Conscription
31:11 Bloodlines
31:02 Husbandry
30:22 Light Cavalry
31:18 Siege Elephant
32:14 Scale Barding Armor
33:10 Caravan
33:40 Coinage
33:50 Hoardings
35:00 Bloodlines
34:12 Hussar
34:26 Heavy Camel Rider
36:38 Elite Skirmisher
37:24 Thumb Ring
37:21 Padded Archer Armor
37:12 Fletching
37:56 Banking
38:12 Ballistics
39:40 Bodkin Arrow
43:24 Bracer
45:44 Leather Archer Armor
DschingisCrack
7:02 Feudal Age
7:09 Feudal Age
11:01 Castle Age
9:06 Double-Bit Axe
9:30 Horse Collar
12:50 Bow Saw
12:49 Heavy Plow
20:03 Light Cavalry
20:53 Bloodlines
20:44 Husbandry
22:27 Wheelbarrow
22:30 Forging
22:26 Scale Barding Armor
23:54 Hand Cart
28:31 Imperial Age
25:50 Loom
30:47 Iron Casting
30:55 Elite Battle Elephant
33:38 Fletching
37:03 Conscription
39:02 Hussar
40:00 Heavy Scorpion
43:37 Siege Engineers
44:18 Ballistics
Manee
8:38 Feudal Age
12:32 Castle Age
10:36 Double-Bit Axe
10:40 Horse Collar
13:57 Bow Saw
14:24 Loom
14:41 Heavy Plow
19:53 Fletching
22:32 Bodkin Arrow
24:47 Wheelbarrow
27:35 Imperial Age
26:11 Wheelbarrow
27:13 Bloodlines
27:03 Husbandry
33:14 Conscription
33:47 Bracer
35:33 Elite Mameluke
38:05 Chemistry
41:21 Hand Cart
42:06 Scale Mail Armor
42:12 Scale Barding Armor
42:20 Forging
44:24 Siege Engineers
43:46 Light Cavalry
44:56 Hussar
45:58 Chain Barding Armor
46:14 Iron Casting
49:16 Plate Barding Armor
WALLUP | debrijja
8:07 Feudal Age
8:31 Feudal Age
9:30 Double-Bit Axe
9:36 Horse Collar
11:59 Castle Age
13:34 Bow Saw
14:59 Wheelbarrow
18:42 Gold Mining
22:20 Imperial Age
20:33 Scale Barding Armor
20:40 Forging
21:52 Chain Barding Armor
22:42 Iron Casting
22:29 Loom
22:57 Bloodlines
22:47 Husbandry
22:31 Cavalier
24:09 Plate Barding Armor
24:55 Hand Cart
27:02 Coinage
29:05 Blast Furnace
27:55 Town Watch
28:26 Heavy Plow
29:43 Conscription
31:13 Banking
37:45 Town Patrol
37:38 Fletching
39:41 Caravan
43:36 Chemistry
44:54 Fortified Wall
44:55 Masonry
45:39 Paladin
48:43 Hoardings
Royal Arsenal
9:00 Feudal Age
12:41 Castle Age
11:02 Double-Bit Axe
11:12 Horse Collar
13:52 Forging
15:10 Scale Barding Armor
19:33 Bow Saw
21:19 Wheelbarrow
21:00 Fletching
24:00 Iron Casting
24:33 Chain Barding Armor
25:28 Hand Cart
25:06 Loom
29:27 Imperial Age
30:25 Caravan
30:27 Elite Jarl
31:30 Conscription
32:04 Husbandry
32:16 Bloodlines
34:10 Plate Barding Armor
34:36 Blast Furnace
33:33 Bodkin Arrow
47:07 Bracer
VIT | Hera
7:31 Feudal Age
8:39 Double-Bit Axe
11:08 Castle Age
9:04 Horse Collar
12:07 Bow Saw
12:07 Heavy Plow
17:20 Wheelbarrow
18:16 Hand Cart
19:06 Gold Mining
19:08 Stone Mining
24:06 Imperial Age
22:01 Town Watch
22:54 Yeomen
23:07 Ballistics
22:43 Loom
23:52 Fletching
24:23 Town Patrol
24:47 Bodkin Arrow
25:18 Fortified Wall
26:08 Chemistry
25:11 Padded Archer Armor
26:19 Two-Man Saw
26:11 Siege Engineers
27:23 Murder Holes
27:35 Siege Engineers
27:44 Elite Longbowman
28:45 Bracer
29:37 Caravan
29:54 Leather Archer Armor
29:48 Guard Tower
29:44 Arrowslits
30:09 Masonry
29:39 Treadmill Crane
30:26 Warwolf
31:36 Conscription
33:06 Hoardings
33:02 Ring Archer Armor
35:01 Coinage
35:19 Architecture
35:25 Keep
34:45 Murder Holes
36:59 Banking
37:43 Sappers
TeKarino
0:30 Loom
7:35 Feudal Age
9:11 Double-Bit Axe
11:47 Castle Age
10:23 Horse Collar
10:34 Gold Mining
11:21 Stone Mining
12:39 Bow Saw
13:07 Heavy Plow
17:36 Fletching
21:06 Guard Tower
23:04 Ballistics
24:08 Bodkin Arrow
26:24 Masonry
32:12 Imperial Age
30:42 Murder Holes
31:36 Padded Archer Armor
32:56 Bracer
33:57 Chemistry
33:27 Architecture
33:22 Conscription
32:38 Pikeman
33:18 Squires
33:19 Scale Mail Armor
33:30 Forging
34:35 Wheelbarrow
33:46 Town Watch
33:50 Elite Chu Ko Nu
34:55 Conscription
35:30 Leather Archer Armor
35:26 Thumb Ring
37:07 Keep
36:18 Arrowslits
37:17 Caravan
38:23 Ring Archer Armor
41:06 Fortified Wall
45:29 Rocketry
45:20 Great Wall
Connection lost

Rejoining the realm…

Still unreachable

The connection could not be restored.

Session expired

The server has moved on; the page needs a fresh start.